[ AOE2 MATCH · #485861166 ]
UnrankedJapanese vs Vikings
[ REPLAY ANALYSIS · EXTRACTED FROM THE RECORDED GAME ]
Feudal
13:34
Castle
24:44
Imperial
—
| APM avg | 43.1 |
| APM peak | 71 |
| eAPM avg | 23.5 |
| Villagers / military | 85 / 78 |
Focus
⚔️ 33.3% · 🌾 66.7%
Militia ×38 · Samurai ×35 · Fishing Ship ×23 · Unknown (2626) ×5 · Demolition Raft ×3 · Galley ×1
Feudal
15:31
Castle
23:24
Imperial
—
| APM avg | 43.1 |
| APM peak | 79 |
| eAPM avg | 25.8 |
| Villagers / military | 45 / 33 |
Focus
⚔️ 23.5% · 🌾 76.5%
Berserk ×23 · Fishing Ship ×14 · Unknown (2626) ×11 · Spearman ×7 · Battering Ram ×3
Feudal
16:02
Castle
24:07
Imperial
—
| APM avg | 11.9 |
| APM peak | 41 |
| eAPM avg | 7.8 |
| Villagers / military | 29 / 15 |
Focus
⚔️ 28.6% · 🌾 71.4%
Militia ×13 · Spearman ×2
Feudal
14:38
Castle
18:45
Imperial
—
| APM avg | 25.6 |
| APM peak | 75 |
| eAPM avg | 13.2 |
| Villagers / military | 83 / 36 |
Focus
⚔️ 29.4% · 🌾 70.6%
Konnik ×23 · Fishing Ship ×10 · Battering Ram ×8 · Knight ×2 · Scout Cavalry ×2 · Galley ×1
Feudal
14:23
Castle
18:06
Imperial
—
| APM avg | 82.9 |
| APM peak | 152 |
| eAPM avg | 39.4 |
| Villagers / military | 131 / 203 |
Focus
⚔️ 26.7% · 🌾 73.3%
Gbeto ×202 · Monk ×1
Feudal
17:21
Castle
26:45
Imperial
—
| APM avg | 27.6 |
| APM peak | 68 |
| eAPM avg | 14.3 |
| Villagers / military | 104 / 27 |
Focus
⚔️ 15.7% · 🌾 84.3%
Fishing Ship ×13 · Archer ×11 · Berserk ×8 · Skirmisher ×6 · Battering Ram ×2
Match map
Initial resources + every placement click. Lines = walls · curves = elevation contours. ◆ gold · ⬟ stone · ● berries · ✦ relic · ◌ wall gap
Your base· Open — 11t gap
CONANJD's base· Open — 14t gap
Logy's base· Open — unwalled flank
XONE's base· Open — 8t gap
Hakka's base· Open — unwalled flank
bone83610's base· Open — 14t gap
Smoothed initial terrain · ◌ = detected wall gap · hover for details
Inputs per minute
— 沉睡的小五郎 - - CONANJD
Build order — 沉睡的小五郎
First 150 of 292 actions detected
| 0:30 | Build | Town Center |
| 2:27 | Build | House |
| 2:46 | Create | Villager (Male) |
| 2:46 | Create | Villager (Male) |
| 2:46 | Create | Villager (Male) |
| 2:46 | Create | Villager (Male) |
| 2:46 | Create | Villager (Male) |
| 2:47 | Create | Villager (Male) |
| 2:47 | Create | Villager (Male) |
| 2:47 | Research | Loom |
| 4:19 | Build | House |
| 4:32 | Create | Villager (Male) |
| 4:32 | Create | Villager (Male) |
| 4:33 | Create | Villager (Male) |
| 4:33 | Create | Villager (Male) |
| 4:34 | Create | Villager (Male) |
| 4:58 | Create | Villager (Male) |
| 4:58 | Create | Villager (Male) |
| 4:58 | Create | Villager (Male) |
| 5:07 | Build | Dock |
| 5:22 | Build | Palisade Wall |
| 5:22 | Build | Palisade Wall |
| 5:35 | Create | Villager (Male) |
| 5:35 | Create | Villager (Male) |
| 5:36 | Create | Villager (Male) |
| 5:54 | Build | House |
| 6:16 | Create | Fishing Ship |
| 6:38 | Create | Villager (Male) |
| 6:38 | Create | Villager (Male) |
| 6:38 | Create | Villager (Male) |
| 6:38 | Create | Villager (Male) |
| 7:06 | Create | Villager (Male) |
| 7:09 | Create | Villager (Male) |
| 7:10 | Create | Villager (Male) |
| 7:12 | Create | Fishing Ship |
| 7:13 | Create | Fishing Ship |
| 7:39 | Create | Villager (Male) |
| 7:48 | Create | Fishing Ship |
| 7:48 | Create | Fishing Ship |
| 8:03 | Build | House |
| 8:20 | Create | Villager (Male) |
| 8:20 | Create | Villager (Male) |
| 8:21 | Create | Villager (Male) |
| 8:21 | Create | Villager (Male) |
| 8:33 | Create | Villager (Male) |
| 8:39 | Create | Fishing Ship |
| 8:40 | Create | Fishing Ship |
| 8:40 | Create | Fishing Ship |
| 8:57 | Create | Fishing Ship |
| 9:23 | Build | House |
| 9:31 | Create | Fishing Ship |
| 9:31 | Create | Fishing Ship |
| 9:52 | Build | House |
| 10:06 | Create | Fishing Ship |
| 10:59 | Build | Lumber Camp |
| 11:09 | Create | Fishing Ship |
| 11:24 | Research | Feudal Age |
| 11:33 | Build | House |
| 11:48 | Build | Mining Camp |
| 12:19 | Build | Palisade Wall |
| 12:35 | Build | Palisade Wall |
| 13:05 | Build | Barracks |
| 13:12 | Build | House |
| 13:16 | Create | Villager (Male) |
| 13:34 | Age | Feudal Age |
| 13:39 | Research | Double-Bit Axe |
| 13:47 | Build | Barracks |
| 13:53 | Research | Arson |
| 13:54 | Research | Man-at-Arms (upgrade) |
| 13:59 | Build | House |
| 14:16 | Create | Villager (Male) |
| 14:26 | Create | Villager (Male) |
| 14:34 | Create | Militia |
| 14:34 | Create | Militia |
| 14:35 | Create | Militia |
| 14:41 | Create | Villager (Male) |
| 14:50 | Research | Gold Mining |
| 14:53 | Create | Villager (Male) |
| 15:04 | Create | Militia |
| 15:04 | Create | Militia |
| 15:05 | Create | Militia |
| 15:16 | Create | Fishing Ship |
| 15:16 | Create | Fishing Ship |
| 15:35 | Create | Villager (Male) |
| 15:48 | Build | House |
| 15:49 | Build | House |
| 15:54 | Create | Militia |
| 15:54 | Create | Militia |
| 15:57 | Create | Militia |
| 15:57 | Create | Militia |
| 16:09 | Build | Blacksmith |
| 16:19 | Create | Militia |
| 16:19 | Create | Militia |
| 17:01 | Create | Villager (Male) |
| 17:04 | Build | Lumber Camp |
| 17:09 | Create | Fishing Ship |
| 17:09 | Create | Fishing Ship |
| 17:10 | Create | Fishing Ship |
| 17:10 | Create | Fishing Ship |
| 17:19 | Build | House |
| 17:21 | Build | House |
| 17:29 | Create | Villager (Male) |
| 17:29 | Create | Villager (Male) |
| 17:53 | Create | Fishing Ship |
| 17:53 | Create | Fishing Ship |
| 18:06 | Research | Scale Mail Armor |
| 18:48 | Build | Stone Wall |
| 18:52 | Build | Mill |
| 19:20 | Create | Militia |
| 19:21 | Create | Militia |
| 19:34 | Build | Farm |
| 19:34 | Build | Farm |
| 19:35 | Build | Farm |
| 19:35 | Build | Farm |
| 19:35 | Build | Farm |
| 19:35 | Build | Farm |
| 19:35 | Build | Farm |
| 19:35 | Build | Farm |
| 19:36 | Build | Farm |
| 19:36 | Build | Farm |
| 19:36 | Build | Farm |
| 19:38 | Research | Horse Collar |
| 19:47 | Create | Militia |
| 19:47 | Create | Militia |
| 20:10 | Build | House |
| 20:43 | Research | Town Watch |
| 20:47 | Build | House |
| 20:54 | Build | Market |
| 21:02 | Build | Fish Trap |
| 21:42 | Build | Watch Tower |
| 22:04 | Research | Castle Age |
| 22:06 | Research | Fletching |
| 22:33 | Build | Stone Wall |
| 22:51 | Create | Militia |
| 22:51 | Create | Militia |
| 23:30 | Create | Militia |
| 23:31 | Research | Forging |
| 23:38 | Create | Unit 2626 |
| 24:16 | Create | Militia |
| 24:16 | Create | Militia |
| 24:36 | Create | Unit 2626 |
| 24:36 | Create | Unit 2626 |
| 24:40 | Create | Villager (Male) |
| 24:44 | Age | Castle Age |
| 24:44 | Create | Villager (Male) |
| 25:06 | Create | Militia |
| 25:06 | Create | Militia |
| 25:10 | Research | Chain Mail Armor |
| 25:14 | Create | Villager (Male) |
| 25:32 | Research | Iron Casting |
Build order — CONANJD
First 150 of 165 actions detected
| 0:18 | Build | Dock |
| 0:35 | Build | Town Center |
| 1:08 | Build | House |
| 3:05 | Create | Villager (Male) |
| 3:05 | Create | Villager (Male) |
| 3:05 | Create | Villager (Male) |
| 3:13 | Create | Villager (Male) |
| 3:14 | Create | Villager (Male) |
| 3:28 | Create | Villager (Male) |
| 4:05 | Create | Fishing Ship |
| 4:50 | Create | Villager (Male) |
| 5:03 | Build | House |
| 5:32 | Create | Villager (Male) |
| 5:36 | Research | Loom |
| 5:39 | Create | Villager (Male) |
| 5:48 | Create | Fishing Ship |
| 6:27 | Create | Villager (Male) |
| 6:28 | Create | Villager (Male) |
| 6:35 | Build | House |
| 6:48 | Create | Villager (Male) |
| 7:02 | Create | Villager (Male) |
| 7:02 | Create | Villager (Male) |
| 7:03 | Create | Villager (Male) |
| 7:09 | Create | Villager (Male) |
| 7:16 | Create | Villager (Male) |
| 7:48 | Create | Villager (Male) |
| 7:51 | Create | Fishing Ship |
| 8:10 | Create | Villager (Male) |
| 8:18 | Build | House |
| 8:39 | Create | Fishing Ship |
| 8:48 | Create | Villager (Male) |
| 9:15 | Build | House |
| 9:17 | Create | Villager (Male) |
| 9:19 | Create | Villager (Male) |
| 9:29 | Create | Villager (Male) |
| 10:08 | Build | Dock |
| 10:24 | Create | Fishing Ship |
| 10:54 | Create | Fishing Ship |
| 11:08 | Create | Villager (Male) |
| 11:09 | Create | Villager (Male) |
| 11:12 | Create | Fishing Ship |
| 11:20 | Create | Villager (Male) |
| 11:43 | Build | House |
| 12:11 | Create | Villager (Male) |
| 12:13 | Create | Fishing Ship |
| 12:14 | Create | Fishing Ship |
| 12:29 | Build | Mill |
| 12:55 | Create | Fishing Ship |
| 12:57 | Create | Fishing Ship |
| 13:02 | Create | Fishing Ship |
| 13:17 | Build | House |
| 13:21 | Research | Feudal Age |
| 13:22 | Research | Feudal Age |
| 13:36 | Build | Dock |
| 13:46 | Build | House |
| 14:27 | Build | Mining Camp |
| 15:07 | Build | Barracks |
| 15:20 | Create | Fishing Ship |
| 15:31 | Age | Feudal Age |
| 15:32 | Create | Fishing Ship |
| 15:36 | Create | Villager (Male) |
| 15:39 | Create | Villager (Male) |
| 15:51 | Build | Lumber Camp |
| 16:10 | Build | House |
| 16:11 | Build | House |
| 16:13 | Create | Villager (Male) |
| 16:35 | Create | Unit 2626 |
| 16:39 | Create | Villager (Male) |
| 16:42 | Create | Villager (Male) |
| 17:06 | Build | Blacksmith |
| 17:44 | Research | Tech 906 |
| 17:46 | Create | Villager (Male) |
| 17:59 | Create | Villager (Male) |
| 18:14 | Build | Market |
| 18:28 | Create | Unit 2626 |
| 18:29 | Create | Unit 2626 |
| 18:35 | Create | Villager (Male) |
| 18:39 | Create | Unit 2626 |
| 18:51 | Build | Mining Camp |
| 18:54 | Research | Horse Collar |
| 19:14 | Create | Villager (Male) |
| 19:19 | Create | Unit 2626 |
| 19:20 | Create | Unit 2626 |
| 19:28 | Build | House |
| 19:32 | Research | Stone Mining |
| 19:32 | Research | Stone Mining |
| 19:53 | Create | Spearman |
| 19:57 | Build | House |
| 19:58 | Build | House |
| 20:18 | Build | House |
| 20:19 | Build | House |
| 20:33 | Build | Palisade Gate |
| 20:34 | Build | House |
| 20:44 | Research | Castle Age |
| 20:51 | Build | Farm |
| 20:55 | Build | Farm |
| 20:58 | Research | Double-Bit Axe |
| 21:34 | Create | Spearman |
| 21:35 | Research | Forging |
| 21:36 | Research | Scale Mail Armor |
| 21:46 | Create | Spearman |
| 21:56 | Build | Farm |
| 21:57 | Build | Farm |
| 22:07 | Create | Unit 2626 ×4 |
| 22:40 | Build | Farm |
| 22:42 | Build | Farm |
| 22:44 | Create | Spearman |
| 22:56 | Create | Spearman |
| 23:24 | Age | Castle Age |
| 23:26 | Create | Spearman |
| 23:26 | Research | Pikeman (upgrade) |
| 23:37 | Build | Castle |
| 23:46 | Create | Spearman |
| 23:48 | Build | House |
| 24:58 | Create | Berserk |
| 24:59 | Create | Berserk |
| 25:08 | Research | Fletching |
| 25:08 | Research | Fletching |
| 25:23 | Create | Berserk |
| 25:39 | Build | Mining Camp |
| 25:52 | Create | Berserk |
| 26:42 | Create | Unit 2626 |
| 26:46 | Create | Villager (Male) |
| 27:19 | Build | Farm |
| 27:20 | Create | Villager (Male) |
| 27:33 | Build | Town Center |
| 27:52 | Build | Siege Workshop |
| 27:54 | Create | Villager (Male) |
| 28:34 | Create | Villager (Male) |
| 28:40 | Create | Berserk |
| 28:46 | Create | Berserk |
| 28:59 | Create | Battering Ram |
| 29:13 | Create | Berserk |
| 29:14 | Create | Berserk |
| 29:14 | Create | Berserk |
| 29:18 | Research | Gold Mining |
| 29:26 | Create | Berserk |
| 29:26 | Create | Berserk |
| 29:27 | Create | Berserk |
| 29:38 | Research | Chain Mail Armor |
| 29:59 | Create | Berserk |
| 30:08 | Research | Iron Casting |
| 30:09 | Research | Iron Casting |
| 30:18 | Create | Berserk |
| 31:23 | Create | Berserk |
| 31:24 | Create | Berserk |
| 31:39 | Create | Villager (Male) |
| 31:44 | Create | Berserk |
| 32:00 | Create | Berserk |
| 32:00 | Create | Berserk |
Build order — Logy
70 actions detected in the replay
| 0:21 | Build | Town Center |
| 3:09 | Create | Villager (Male) |
| 3:09 | Create | Villager (Male) |
| 3:09 | Create | Villager (Male) |
| 3:09 | Create | Villager (Male) |
| 3:10 | Create | Villager (Male) |
| 4:28 | Create | Villager (Male) |
| 4:28 | Create | Villager (Male) |
| 4:58 | Create | Villager (Male) |
| 4:59 | Create | Villager (Male) |
| 5:24 | Create | Villager (Male) |
| 5:25 | Create | Villager (Male) |
| 5:55 | Create | Villager (Male) |
| 5:55 | Create | Villager (Male) |
| 6:17 | Create | Villager (Male) |
| 6:17 | Create | Villager (Male) |
| 6:48 | Build | Barracks |
| 6:59 | Create | Villager (Male) |
| 6:59 | Create | Villager (Male) |
| 7:27 | Research | Loom |
| 7:29 | Create | Villager (Male) |
| 7:29 | Create | Villager (Male) |
| 7:51 | Create | Villager (Male) |
| 7:52 | Create | Villager (Male) |
| 8:13 | Create | Militia |
| 8:13 | Create | Militia |
| 8:35 | Create | Militia |
| 9:29 | Build | Mining Camp |
| 9:33 | Create | Villager (Male) |
| 9:33 | Create | Villager (Male) |
| 9:49 | Create | Villager (Male) |
| 11:05 | Create | Militia |
| 11:05 | Create | Militia |
| 11:05 | Create | Militia |
| 11:20 | Build | Mill |
| 11:45 | Create | Militia |
| 12:21 | Build | Farm |
| 12:24 | Build | Farm |
| 13:36 | Build | Mill |
| 13:52 | Research | Feudal Age |
| 15:14 | Create | Militia |
| 15:14 | Create | Militia |
| 15:15 | Create | Militia |
| 15:57 | Build | Farm |
| 15:58 | Build | Farm |
| 16:00 | Build | Farm |
| 16:02 | Age | Feudal Age |
| 16:07 | Research | Man-at-Arms (upgrade) |
| 16:08 | Research | Arson |
| 16:18 | Build | Blacksmith |
| 17:27 | Research | Scale Mail Armor |
| 17:30 | Research | Forging |
| 18:10 | Build | Market |
| 20:35 | Create | Spearman |
| 20:35 | Create | Spearman |
| 21:27 | Research | Castle Age |
| 22:39 | Create | Villager (Male) |
| 22:40 | Create | Villager (Male) |
| 22:41 | Create | Villager (Male) |
| 22:41 | Create | Villager (Male) |
| 22:41 | Create | Villager (Male) |
| 24:07 | Age | Castle Age |
| 24:13 | Research | Chain Mail Armor |
| 26:16 | Build | Castle |
| 27:21 | Research | Long Swordsman (upgrade) |
| 29:06 | Build | Farm |
| 31:05 | Create | Militia |
| 31:05 | Create | Militia |
| 31:05 | Create | Militia |
| 33:11 | Build | Castle |
Build order — XONE
First 150 of 192 actions detected
| 0:07 | Build | Town Center |
| 0:33 | Build | House |
| 1:27 | Build | Dock |
| 2:37 | Create | Villager (Male) |
| 2:37 | Create | Villager (Male) |
| 2:37 | Create | Villager (Male) |
| 2:37 | Create | Villager (Male) |
| 2:38 | Create | Villager (Male) |
| 2:38 | Create | Villager (Male) |
| 2:40 | Research | Loom |
| 4:13 | Create | Villager (Male) |
| 4:14 | Create | Villager (Male) |
| 4:14 | Create | Villager (Male) |
| 4:24 | Build | House |
| 5:03 | Create | Villager (Male) |
| 5:48 | Create | Villager (Male) |
| 5:48 | Create | Villager (Male) |
| 5:49 | Create | Villager (Male) |
| 5:49 | Create | Villager (Male) |
| 6:30 | Create | Villager (Male) |
| 6:37 | Build | House |
| 6:39 | Create | Fishing Ship |
| 6:42 | Create | Fishing Ship |
| 7:08 | Create | Villager (Male) |
| 7:41 | Create | Villager (Male) |
| 7:42 | Create | Villager (Male) |
| 7:55 | Build | Mill |
| 8:05 | Create | Villager (Male) |
| 8:05 | Create | Villager (Male) |
| 8:06 | Create | Villager (Male) |
| 8:38 | Create | Villager (Male) |
| 8:55 | Build | House |
| 8:59 | Build | House |
| 9:01 | Build | House |
| 9:03 | Build | House |
| 9:08 | Create | Fishing Ship |
| 9:08 | Create | Fishing Ship |
| 9:13 | Create | Villager (Male) |
| 9:13 | Create | Villager (Male) |
| 9:13 | Create | Villager (Male) |
| 9:13 | Create | Villager (Male) |
| 9:57 | Create | Villager (Male) |
| 10:06 | Create | Fishing Ship |
| 10:33 | Create | Villager (Male) |
| 10:38 | Create | Fishing Ship |
| 11:01 | Create | Villager (Male) |
| 11:10 | Build | Mining Camp |
| 11:13 | Create | Villager (Male) |
| 11:17 | Create | Fishing Ship |
| 11:34 | Create | Villager (Male) |
| 12:01 | Build | Mining Camp |
| 12:15 | Create | Fishing Ship |
| 12:28 | Research | Feudal Age |
| 12:47 | Create | Fishing Ship |
| 13:17 | Create | Fishing Ship |
| 13:54 | Create | Villager (Male) |
| 13:54 | Create | Villager (Male) |
| 14:38 | Age | Feudal Age |
| 14:42 | Build | Market |
| 15:21 | Build | Blacksmith |
| 16:05 | Research | Castle Age |
| 16:22 | Build | Barracks |
| 17:33 | Build | Stable |
| 18:00 | Create | Scout Cavalry |
| 18:25 | Create | Scout Cavalry |
| 18:45 | Age | Castle Age |
| 19:10 | Create | Knight |
| 19:57 | Create | Knight |
| 20:13 | Build | Dock |
| 20:33 | Build | Krepost |
| 20:45 | Create | Villager (Male) |
| 20:46 | Create | Villager (Male) |
| 21:06 | Build | Krepost |
| 22:12 | Research | Bloodlines |
| 22:18 | Create | Konnik |
| 22:43 | Build | Krepost |
| 23:04 | Create | Galley |
| 23:17 | Create | Konnik |
| 23:25 | Build | Farm |
| 23:25 | Build | Farm |
| 23:25 | Build | Farm |
| 23:26 | Build | Farm |
| 23:26 | Build | Farm |
| 23:26 | Build | Farm |
| 23:29 | Build | Farm |
| 23:30 | Build | Farm |
| 23:35 | Create | Villager (Male) |
| 23:49 | Create | Konnik |
| 23:49 | Create | Konnik |
| 23:55 | Build | Krepost |
| 24:05 | Create | Konnik |
| 24:06 | Create | Konnik |
| 24:58 | Build | Krepost |
| 25:27 | Create | Villager (Male) |
| 25:28 | Create | Villager (Male) |
| 25:32 | Create | Villager (Male) |
| 25:55 | Create | Konnik |
| 25:55 | Create | Konnik |
| 26:51 | Create | Villager (Male) |
| 26:51 | Create | Villager (Male) |
| 26:52 | Create | Villager (Male) |
| 27:19 | Create | Villager (Male) |
| 27:38 | Build | University |
| 27:51 | Create | Villager (Male) |
| 28:01 | Create | Konnik |
| 28:07 | Research | Murder Holes |
| 28:23 | Create | Konnik |
| 28:24 | Create | Konnik |
| 28:24 | Create | Konnik |
| 28:24 | Create | Konnik |
| 28:54 | Research | Fletching |
| 29:10 | Build | Krepost |
| 29:18 | Create | Konnik |
| 29:58 | Create | Villager (Male) |
| 29:58 | Create | Villager (Male) |
| 30:36 | Build | Gate |
| 30:37 | Build | Gate |
| 30:41 | Build | Gate |
| 31:16 | Create | Konnik |
| 31:27 | Build | Mining Camp |
| 31:33 | Build | Lumber Camp |
| 31:35 | Create | Villager (Male) |
| 31:35 | Create | Villager (Male) |
| 32:03 | Create | Konnik |
| 32:18 | Research | Wheelbarrow |
| 32:21 | Research | Double-Bit Axe |
| 32:56 | Create | Konnik |
| 33:10 | Create | Konnik |
| 33:17 | Create | Villager (Male) |
| 34:08 | Create | Villager (Male) |
| 34:08 | Create | Villager (Male) |
| 34:09 | Create | Villager (Male) |
| 34:12 | Research | Bow Saw |
| 34:26 | Create | Konnik |
| 34:59 | Build | Krepost |
| 35:17 | Create | Villager (Male) |
| 35:25 | Build | Town Center |
| 35:29 | Create | Villager (Male) |
| 35:58 | Build | Siege Workshop |
| 36:02 | Create | Konnik |
| 36:14 | Create | Villager (Male) |
| 36:15 | Create | Villager (Male) |
| 36:23 | Create | Villager (Male) |
| 36:34 | Build | Mining Camp |
| 36:36 | Create | Battering Ram |
| 36:38 | Create | Battering Ram |
| 36:40 | Create | Konnik |
| 37:10 | Create | Villager (Male) |
| 37:15 | Create | Villager (Male) |
| 37:15 | Create | Villager (Male) |
Build order — Hakka
First 150 of 279 actions detected
| 0:27 | Build | Town Center |
| 1:53 | Build | House |
| 2:50 | Research | Loom |
| 2:50 | Research | Loom |
| 2:50 | Research | Loom |
| 2:50 | Research | Loom |
| 3:03 | Create | Villager (Male) |
| 3:03 | Create | Villager (Male) |
| 3:04 | Create | Villager (Male) |
| 3:04 | Create | Villager (Male) |
| 3:04 | Create | Villager (Male) |
| 3:04 | Create | Villager (Male) |
| 3:17 | Build | House |
| 5:12 | Create | Villager (Male) |
| 5:12 | Create | Villager (Male) |
| 5:12 | Create | Villager (Male) |
| 5:45 | Create | Villager (Male) |
| 5:45 | Create | Villager (Male) |
| 5:45 | Create | Villager (Male) |
| 5:55 | Create | Villager (Male) |
| 5:55 | Create | Villager (Male) |
| 5:55 | Create | Villager (Male) |
| 5:56 | Create | Villager (Male) |
| 5:56 | Create | Villager (Male) |
| 6:28 | Create | Villager (Male) |
| 6:29 | Create | Villager (Male) |
| 6:29 | Create | Villager (Male) |
| 6:29 | Create | Villager (Male) |
| 6:29 | Create | Villager (Male) |
| 6:29 | Create | Villager (Male) |
| 6:30 | Create | Villager (Male) |
| 6:30 | Create | Villager (Male) |
| 6:30 | Create | Villager (Male) |
| 6:48 | Create | Villager (Male) |
| 6:48 | Create | Villager (Male) |
| 6:48 | Create | Villager (Male) |
| 6:54 | Build | House |
| 7:06 | Create | Villager (Male) |
| 7:06 | Create | Villager (Male) |
| 7:07 | Create | Villager (Male) |
| 7:07 | Create | Villager (Male) |
| 7:07 | Create | Villager (Male) |
| 7:07 | Create | Villager (Male) |
| 7:35 | Create | Villager (Male) |
| 7:36 | Create | Villager (Male) |
| 7:36 | Create | Villager (Male) |
| 7:36 | Create | Villager (Male) |
| 7:36 | Create | Villager (Male) |
| 7:37 | Create | Villager (Male) |
| 7:56 | Build | House |
| 7:57 | Create | Villager (Male) |
| 7:57 | Create | Villager (Male) |
| 7:58 | Create | Villager (Male) |
| 7:58 | Create | Villager (Male) |
| 7:59 | Create | Villager (Male) |
| 8:08 | Build | Mill |
| 9:14 | Create | Villager (Male) |
| 9:15 | Create | Villager (Male) |
| 9:15 | Create | Villager (Male) |
| 9:15 | Create | Villager (Male) |
| 9:15 | Create | Villager (Male) |
| 9:16 | Create | Villager (Male) |
| 9:16 | Create | Villager (Male) |
| 9:35 | Create | Villager (Male) |
| 9:35 | Create | Villager (Male) |
| 9:35 | Create | Villager (Male) |
| 9:36 | Create | Villager (Male) |
| 9:36 | Create | Villager (Male) |
| 11:17 | Create | Villager (Male) |
| 11:38 | Build | Lumber Camp |
| 11:39 | Create | Villager (Male) |
| 12:13 | Research | Feudal Age |
| 12:14 | Research | Feudal Age |
| 12:14 | Research | Feudal Age |
| 12:14 | Research | Feudal Age |
| 13:17 | Build | Mining Camp |
| 13:50 | Build | Outpost |
| 14:03 | Build | Outpost |
| 14:23 | Age | Feudal Age |
| 14:33 | Build | Market |
| 14:37 | Build | Blacksmith |
| 14:53 | Build | Mining Camp |
| 15:16 | Build | Palisade Gate |
| 15:24 | Build | Palisade Wall |
| 15:26 | Research | Castle Age |
| 15:27 | Research | Castle Age |
| 15:27 | Research | Castle Age |
| 15:27 | Research | Castle Age |
| 15:27 | Research | Castle Age |
| 15:27 | Research | Castle Age |
| 18:06 | Age | Castle Age |
| 18:48 | Build | Town Center |
| 19:09 | Research | Town Watch |
| 19:10 | Research | Town Watch |
| 19:10 | Research | Town Watch |
| 19:10 | Research | Town Watch |
| 19:13 | Research | Stone Mining |
| 19:13 | Research | Stone Mining |
| 19:13 | Research | Stone Mining |
| 20:06 | Create | Villager (Male) |
| 20:06 | Create | Villager (Male) |
| 20:15 | Create | Villager (Male) |
| 20:15 | Create | Villager (Male) |
| 20:15 | Create | Villager (Male) |
| 20:15 | Create | Villager (Male) |
| 20:15 | Create | Villager (Male) |
| 20:16 | Create | Villager (Male) |
| 20:16 | Create | Villager (Male) |
| 20:16 | Create | Villager (Male) |
| 20:16 | Create | Villager (Male) |
| 20:35 | Create | Villager (Male) |
| 20:35 | Create | Villager (Male) |
| 20:36 | Create | Villager (Male) |
| 20:36 | Create | Villager (Male) |
| 20:36 | Create | Villager (Male) |
| 21:00 | Create | Villager (Male) |
| 21:01 | Create | Villager (Male) |
| 21:38 | Build | House |
| 21:44 | Research | Wheelbarrow |
| 21:44 | Research | Wheelbarrow |
| 21:44 | Research | Wheelbarrow |
| 21:44 | Research | Wheelbarrow |
| 21:44 | Research | Wheelbarrow |
| 21:44 | Research | Wheelbarrow |
| 22:32 | Build | House |
| 23:31 | Build | Town Center |
| 23:40 | Build | House |
| 23:49 | Create | Villager (Male) |
| 23:49 | Create | Villager (Male) |
| 23:50 | Create | Villager (Male) |
| 23:50 | Create | Villager (Male) |
| 23:50 | Create | Villager (Male) |
| 23:50 | Create | Villager (Male) |
| 23:51 | Create | Villager (Male) |
| 23:51 | Create | Villager (Male) |
| 23:51 | Create | Villager (Male) |
| 23:51 | Create | Villager (Male) |
| 23:52 | Create | Villager (Male) |
| 23:52 | Create | Villager (Male) |
| 23:52 | Create | Villager (Male) |
| 24:13 | Build | House |
| 24:53 | Build | Monastery |
| 25:32 | Build | Castle |
| 25:55 | Build | Stone Wall |
| 26:12 | Create | Monk |
| 27:19 | Create | Gbeto ×2 |
| 27:19 | Create | Gbeto ×2 |
| 27:19 | Create | Gbeto ×2 |
| 27:20 | Create | Gbeto ×2 |
| 27:20 | Create | Gbeto ×2 |
Build order — bone83610
First 150 of 266 actions detected
| 0:22 | Build | Town Center |
| 2:36 | Research | Loom |
| 2:36 | Create | Villager (Male) |
| 2:36 | Create | Villager (Male) |
| 2:36 | Create | Villager (Male) |
| 2:55 | Build | House |
| 2:57 | Build | House |
| 3:53 | Create | Villager (Male) |
| 3:54 | Create | Villager (Male) |
| 4:26 | Build | Dock |
| 5:09 | Create | Fishing Ship |
| 5:22 | Create | Villager (Male) |
| 5:54 | Create | Villager (Male) |
| 5:54 | Create | Villager (Male) |
| 5:54 | Create | Villager (Male) |
| 6:28 | Create | Villager (Male) |
| 6:28 | Create | Villager (Male) |
| 6:28 | Create | Villager (Male) |
| 6:56 | Create | Villager (Male) |
| 7:10 | Build | House |
| 7:11 | Build | House |
| 7:35 | Create | Villager (Male) |
| 7:36 | Create | Villager (Male) |
| 8:08 | Create | Villager (Male) |
| 8:40 | Create | Villager (Male) |
| 8:50 | Build | House |
| 8:51 | Build | House |
| 9:48 | Create | Villager (Male) |
| 9:48 | Create | Villager (Male) |
| 9:49 | Create | Villager (Male) |
| 10:13 | Create | Villager (Male) |
| 10:19 | Create | Fishing Ship |
| 10:20 | Create | Fishing Ship |
| 11:06 | Create | Villager (Male) |
| 11:42 | Create | Villager (Male) |
| 11:57 | Build | Lumber Camp |
| 12:15 | Create | Villager (Male) |
| 12:37 | Build | Mill |
| 12:55 | Create | Villager (Male) |
| 12:56 | Create | Villager (Male) |
| 13:17 | Build | House |
| 13:20 | Build | House |
| 13:33 | Build | Farm |
| 13:39 | Build | Farm |
| 13:40 | Build | Farm |
| 13:44 | Create | Villager (Male) |
| 13:51 | Build | Farm |
| 13:53 | Build | Farm |
| 13:57 | Build | Farm |
| 14:05 | Create | Villager (Male) |
| 14:13 | Build | Farm |
| 14:26 | Build | Farm |
| 14:34 | Build | Farm |
| 14:39 | Create | Villager (Male) |
| 14:44 | Build | Farm |
| 15:11 | Research | Feudal Age |
| 15:23 | Build | Mining Camp |
| 16:06 | Create | Villager (Male) |
| 16:06 | Create | Villager (Male) |
| 16:07 | Create | Villager (Male) |
| 17:21 | Age | Feudal Age |
| 17:26 | Build | Watch Tower |
| 17:28 | Create | Villager (Male) |
| 17:35 | Build | Barracks |
| 17:44 | Build | Blacksmith |
| 18:43 | Build | House |
| 18:44 | Build | House |
| 18:45 | Build | House |
| 19:46 | Create | Villager (Male) |
| 19:46 | Create | Villager (Male) |
| 19:46 | Create | Villager (Male) |
| 19:57 | Build | Archery Range |
| 20:21 | Build | House |
| 20:21 | Build | House |
| 20:22 | Build | House |
| 20:27 | Create | Villager (Male) |
| 20:32 | Create | Archer |
| 20:32 | Create | Archer |
| 20:33 | Create | Archer |
| 20:33 | Create | Archer |
| 21:16 | Create | Archer |
| 21:21 | Build | Archery Range |
| 21:27 | Create | Archer |
| 21:29 | Research | Fletching |
| 21:46 | Research | Padded Archer Armor |
| 22:06 | Create | Archer |
| 22:14 | Create | Villager (Male) |
| 22:14 | Create | Villager (Male) |
| 22:35 | Build | House |
| 22:36 | Build | House |
| 22:45 | Create | Archer |
| 22:47 | Create | Archer |
| 22:47 | Create | Archer |
| 22:54 | Create | Villager (Male) |
| 22:55 | Create | Villager (Male) |
| 23:04 | Create | Archer |
| 24:05 | Research | Castle Age |
| 24:21 | Build | Mining Camp |
| 25:12 | Create | Skirmisher |
| 25:12 | Create | Skirmisher |
| 25:13 | Create | Skirmisher |
| 25:15 | Create | Skirmisher |
| 25:15 | Create | Skirmisher |
| 25:15 | Create | Skirmisher |
| 25:31 | Research | Stone Mining |
| 26:45 | Age | Castle Age |
| 27:57 | Build | Castle |
| 28:01 | Create | Villager (Male) |
| 28:01 | Create | Villager (Male) |
| 28:02 | Create | Villager (Male) |
| 28:02 | Create | Villager (Male) |
| 28:02 | Create | Villager (Male) |
| 28:20 | Build | Town Center |
| 28:44 | Build | Siege Workshop |
| 28:53 | Build | Town Center |
| 29:23 | Create | Villager (Male) |
| 29:23 | Create | Villager (Male) |
| 29:23 | Create | Villager (Male) |
| 29:23 | Create | Villager (Male) |
| 30:06 | Build | Watch Tower |
| 30:10 | Build | Palisade Wall |
| 30:11 | Build | Palisade Wall |
| 30:12 | Build | Palisade Wall |
| 30:13 | Build | Palisade Wall |
| 30:51 | Build | Watch Tower |
| 30:55 | Create | Villager (Male) |
| 30:55 | Create | Villager (Male) |
| 31:18 | Build | University |
| 31:25 | Create | Villager (Male) |
| 31:48 | Research | Ballistics |
| 31:48 | Research | Ballistics |
| 32:06 | Build | Farm |
| 32:06 | Build | Farm |
| 32:08 | Build | Farm |
| 32:08 | Build | Farm |
| 32:10 | Build | Farm |
| 32:12 | Create | Villager (Male) |
| 32:13 | Create | Villager (Male) |
| 32:36 | Build | Palisade Wall |
| 32:38 | Build | Palisade Wall |
| 32:38 | Build | Palisade Wall |
| 32:47 | Build | Farm |
| 32:48 | Build | Farm |
| 32:50 | Build | Farm |
| 32:56 | Build | Farm |
| 32:56 | Build | Farm |
| 32:59 | Create | Villager (Male) |
| 32:59 | Create | Villager (Male) |
| 33:21 | Build | Palisade Wall |
| 33:22 | Build | Palisade Wall |
Match timeline
| 0:18 | CONANJD · first_building Dock |
| 1:27 | XONE · first_building Dock |
| 4:26 | bone83610 · first_building Dock |
| 5:07 | 沉睡的小五郎 · first_building Dock |
| 5:22 | 沉睡的小五郎 · wall_segment Palisade Wall x1 |
| 5:22 | 沉睡的小五郎 · wall_segment Palisade Wall x1 |
| 6:48 | Logy · first_building Barracks |
| 12:19 | 沉睡的小五郎 · wall_segment Palisade Wall x4 |
| 12:35 | 沉睡的小五郎 · wall_segment Palisade Wall x3 |
| 13:05 | 沉睡的小五郎 · first_building Barracks |
| 13:34 | 沉睡的小五郎 · age_up feudal |
| 14:23 | Hakka · age_up feudal |
| 14:38 | XONE · age_up feudal |
| 15:07 | CONANJD · first_building Barracks |
| 15:24 | Hakka · wall_segment Palisade Wall x2 |
| 15:31 | CONANJD · age_up feudal |
| 16:02 | Logy · age_up feudal |
| 16:22 | XONE · first_building Barracks |
| 17:21 | bone83610 · age_up feudal |
| 17:33 | XONE · first_building Stable |
| 17:35 | bone83610 · first_building Barracks |
| 18:06 | Hakka · age_up castle |
| 18:45 | XONE · age_up castle |
| 18:48 | 沉睡的小五郎 · wall_segment Stone Wall x1 |
| 19:49 | Logy · first_market_buy 100 food |
| 19:52 | Logy · first_market_sell 100 wood |
| 19:57 | bone83610 · first_building Archery Range |
| 20:33 | XONE · first_building Krepost |
| 22:03 | 沉睡的小五郎 · first_market_buy 100 food |
| 22:22 | CONANJD · first_market_buy 100 stone |
| 22:33 | 沉睡的小五郎 · wall_segment Stone Wall x5 |
| 23:24 | CONANJD · age_up castle |
| 23:37 | CONANJD · first_building Castle |
| 24:07 | Logy · age_up castle |
| 24:44 | 沉睡的小五郎 · age_up castle |
| 24:53 | Hakka · first_building Monastery |
| 25:32 | Hakka · first_building Castle |
| 25:55 | Hakka · wall_segment Stone Wall x1 |
| 26:16 | Logy · first_building Castle |
| 26:45 | bone83610 · age_up castle |
| 27:52 | CONANJD · first_building Siege Workshop |
| 27:57 | bone83610 · first_building Castle |
| 28:43 | CONANJD · first_market_sell 100 wood |
| 28:44 | bone83610 · first_building Siege Workshop |
| 30:10 | bone83610 · wall_segment Palisade Wall x1 |
| 30:11 | bone83610 · wall_segment Palisade Wall x1 |
| 30:12 | bone83610 · wall_segment Palisade Wall x1 |
| 30:13 | bone83610 · wall_segment Palisade Wall x1 |
| 31:23 | 沉睡的小五郎 · first_market_sell 100 food |
| 31:29 | 沉睡的小五郎 · first_building Castle |
| 32:36 | bone83610 · wall_segment Palisade Wall x1 |
| 32:38 | bone83610 · wall_segment Palisade Wall x1 |
| 32:38 | bone83610 · wall_segment Palisade Wall x1 |
| 33:21 | bone83610 · wall_segment Palisade Wall x1 |
| 33:22 | bone83610 · wall_segment Palisade Wall x1 |
| 33:23 | bone83610 · wall_segment Palisade Wall x1 |
| 33:40 | CONANJD · first_building Monastery |
| 35:50 | Logy · resign |
| 35:58 | XONE · first_building Siege Workshop |
| 38:09 | Hakka · first_market_buy 500 food |
| 41:05 | 沉睡的小五郎 · first_building Siege Workshop |
[ AI ANALYSIS · 1 CREDIT ]
What really happened in this match?
Wolo.gg analyzes every decision: build order, eco, micro, common mistakes by bracket. Personalized analysis on WhatsApp or Discord in 30 seconds.
Civ guide
Japanese
Perfil
Jugador #2807713